 Dungeon Crawl Stone Soup version 0.28-a0-206-gc2c9e32840 (webtiles) character file.

Game seed: 12785154013153637679

2 Whiskey the Skirmisher (level 1, -2/18 HPs)
             Began as a Demonspawn Fighter on Aug 20, 2021.
             Slain by a kobold (6 damage)
             ... on level 1 of the Dungeon.
             The game lasted 00:00:38 (37 turns).

Whiskey the Skirmisher (Demonspawn Fighter)           Turns: 37, Time: 00:00:38

Health: -2/18      AC:  6    Str: 16    XL:     1   Next: 33%
Magic:  1/1        EV:  6    Int:  9    God:
Gold:   0          SH:  8    Dex: 12    Spells: 0/0 levels left

rFire   . . .      SeeInvis .   a - +0 war axe
rCold   . . .      Faith    .   c - +0 kite shield
rNeg    . . .      Spirit   .   b - +0 scale mail
rPois   .          Reflect  .   (no helmet)
rElec   .          Harm     .   (no cloak)
rCorr   .          Rampage  .   (no gloves)
Will    .....                   (no boots)
Stlth   ..........              (no amulet)
HPRegen 0.06/turn               (no ring)
MPRegen 0.07/turn               (no ring)

@: no status effects
A: no striking features
a: no special abilities


You were on level 1 of the Dungeon.
You visited 1 branch of the dungeon, and saw 1 of its levels.

Inventory:

Hand Weapons
 a - a +0 war axe (weapon)
Armour
 b - a +0 scale mail (worn)
 c - a +0 kite shield (worn)
Potions
 d - a potion of might


   Skills:
 + Level 3.0 Fighting
 + Level 1.8 Axes
 + Level 2.7 Armour
 + Level 2.7 Shields


You couldn't memorise any spells.
You didn't know any spells.
Your spell library was empty.

Dungeon Overview and Level Annotations

Branches:
Dungeon (1/15)

Altars:


Message History

Options error: Bad object type '%}\|' for autopickup. (~/.crawlrc:772) Welcome, Whiskey the Demonspawn Fighter.
It is said that the Orb of Zot exists deep within this dungeon.
Found a staircase leading out of the dungeon.
As you open the door, it creaks loudly!
There is an open door here.
You open the door.
A goblin comes into view.
The goblin shouts!
You hear a shout!
A goblin comes into view.
The goblin shouts!
There is an open door here.
You closely miss the goblin. You block the goblin's attack.
The goblin hits you but does no damage.
You slash the goblin!
You kill the goblin!
You barely miss the goblin. The goblin hits you but does no damage.
You block the goblin's attack.
You closely miss the goblin. The goblin hits you but does no damage.
You miss the goblin.
The goblin hits you but does no damage. x2
You closely miss the goblin.
The goblin hits you but does no damage. x2
You hit the goblin but do no damage. You block the goblin's attack.
You closely miss the goblin. The goblin barely misses you.
You block the goblin's attack.
Your shield prevents you from hitting the goblin.
The goblin barely misses you. The goblin hits you but does no damage.
You barely miss the goblin. The goblin hits you but does no damage.
You hit the goblin.
You kill the goblin!
No target in view!
No target in view!
No target in view!
No target in view!
No target in view!
No target in view!
No target in view!
No target in view!
No target in view!
Things that are here:
20 stones; a goblin corpse
There is an open door here.
There is an open door here.
You open the door.
There is an open door here.
You open the door.
A kobold comes into view. It is wielding a +0 mace.
The kobold shouts!
There is an open door here.
You see here a ring of see invisible {sInv, !d}.
The kobold completely misses you.
You barely miss the kobold. The kobold hits you but does no damage.
The kobold hits you with a +0 mace.
You take 1 damage, and have 17/18 hp.
You closely miss the kobold. The kobold hits you with a +0 mace.
You block the kobold's attack.
You take 5 damage, and have 12/18 hp.
MASSIVE DAMAGE!!
You closely miss the kobold. You block the kobold's attack.
You closely miss the kobold. The kobold hits you but does no damage.
The kobold barely misses you.
You closely miss the kobold. The kobold hits you with a +0 mace. x2
* * * LOW HITPOINT WARNING * * *
You are too injured to fight recklessly!
You are too injured to fight recklessly!
You take 8 damage, and have 4/18 hp.
MASSIVE DAMAGE!!
You are too injured to fight recklessly!
You are too injured to fight recklessly!
A kobold is nearby!
You barely miss the kobold. The kobold hits you with a +0 mace.
You die...

##...........##.§≈≈#
#............##.§§§#
.......<.....8'(..≈+
#............'#(..≈#
##...........##..§≈#
##.........###..≈##
###8#8'8### #####
######'######
#..K@=......#
#≈≈≈.....≈≈≈#
###§≈§≈≈≈≈###
####+####


You could see a kobold.

Vanquished Creatures
  2 goblins (D:1)
2 creatures vanquished.

Notes
Turn   | Place    | Note
-------+----------+-------------------------------------------
     0 | D:1      | Whiskey the Demonspawn Fighter began the quest for the Orb.
     0 | D:1      | Reached XP level 1. HP: 18/18 MP: 1/1
    36 | D:1      | HP: 4/18 [kobold (5)]
    37 | D:1      | Slain by a kobold

Illustrated notes

Levels and vault maps discovered:
D:1:      dpeg_arrival_morbid_curiosity, layout_rooms, serial_shops,
          nicolae_shop_behind_doors, dilly_ecumenical_altar_fadedgnrine,
          minmay_close_crescents

Action                   || total
-------------------------++-------
Melee: War axe           ||    16
Armor: Scale mail        ||    11
Dodge: Dodged            ||     4
Block: Kite shield       ||     6

Table legend: (Time is in decaauts)
 A = Elapsed time spent in this place.
 B = Non-inter-level travel time spent in this place.
 C = Inter-level travel time spent in this place.
 D = Time resting spent in this place.
 E = Time spent auto-exploring this place.
 F = Levels seen in this place.
 G = Mean time per level.
                   A        B        C        D        E       F      G
               +--------+--------+--------+--------+--------+-----+--------+
         Total |     46 |     44 |      2 |      0 |     14 |   1 |   46.0 |
       Dungeon |     46 |     44 |      2 |      0 |     14 |   1 |   46.0 |
               +--------+--------+--------+--------+--------+-----+--------+

Top non-repeatable levels by time:
     D:1: 46 daAuts

Table legend:
 A = Kills in this place as a percentage of kills in entire the game.
 B = Kills by you in this place as a percentage of kills by you in the entire game.
 C = Kills by friends in this place as a percentage of kills by friends in the entire game.
 D = Other kills in this place as a percentage of other kills in the entire game.
 E = Experience gained in this place as a percentage of experience gained in the entire game.
 F = Experience gained in this place divided by the number of levels of this place that you have seen.
                   A       B       C       D       E      F
               +-------+-------+-------+-------+-------+----------------------
         Total | 100.0 | 100.0 |   N/A |   N/A | 100.0 |   4.0
       Dungeon | 100.0 | 100.0 |   N/A |   N/A | 100.0 |   4.0
               +-------+-------+-------+-------+-------+----------------------
